 Dungeon Crawl Stone Soup version 0.19-a0-994-g3c636f0 (webtiles) character file.

379 mistymad the Ducker (level 6, -6/49 HPs)
             Began as a Merfolk Monk on July 15, 2016.
             Mangled by a scorpion (8 damage)
             ... on level 3 of the Dungeon.
             The game lasted 00:06:55 (3094 turns).

mistymad the Ducker (Merfolk Monk)                  Turns: 3094, Time: 00:06:56

Health: -6/49      AC:  6    Str: 14    XL:     6   Next: 74%
Magic:  6/6        EV: 11    Int: 14    God:
Gold:   183        SH:  8    Dex: 16    Spells: 0 memorised, 5 levels left

rFire  . . .     SeeInvis .     a - +1 spear
rCold  . . .     Gourm    .     g - +0 ring mail
rNeg   . . .     Faith    .     j - +0 shield
rPois  .         Spirit   .     (no helmet)
rElec  .         Dismiss  .     e - +0 cloak
rCorr  .         Reflect  .     (no gloves)
SustAt .         Harm     .     (no boots)
MR     .....                    (no amulet)
Stlth  +.........               (no ring)
                                (no ring)

@: brilliant, drained, not resistant to hostile enchantments, very unstealthy
A: change form in water, swift swim
a: no special abilities


You were on level 3 of the Dungeon.
You were hungry.

You visited 1 branch of the dungeon, and saw 4 of its levels.

You collected 183 gold pieces.

Inventory:

Hand Weapons
 a - a +1 spear (weapon)
Armour
 e - a +0 cloak (worn)
 g - a +0 ring mail (worn)
 j - a +0 shield (worn)
Scrolls
 d - a scroll of enchant weapon
 f - a scroll of fear
 h - a scroll of immolation
Potions
 k - a potion of cancellation
Comestibles
 c - 2 bread rations
 n - 3 fruits
 s - a royal jelly


   Skills:
 + Level 4.6(4.5) Fighting
 + Level 5.7(5.6) Polearms
 + Level 2.1(2.0) Armour
 + Level 5.8(5.6) Dodging
 - Level 2.1(2.0) Stealth
 + Level 2.5(2.4) Shields


You had 5 spell levels left.
You didn't know any spells.

Dungeon Overview and Level Annotations

Branches:
Dungeon (4/15)
 Temple: D:4-7

Altars:
Ashenzari


Message History

You feel clever all of a sudden.
You feel sick.
You are no longer poisoned.
You block the scorpion's attack.
You take 1 damage, and have 3/49 hp.
It was a potion of cure mutation.
It has a very clean taste.
You feel genetically unstable.
The scorpion stings you but does no damage.
Unknown command.
You closely miss the scorpion.
The scorpion is severely wounded.
You closely miss the scorpion.
The scorpion is severely wounded.
The scorpion stings you.
* * * LOW HITPOINT WARNING * * *
You take 2 damage, and have 2/49 hp.
You hit the scorpion but do no damage.
The scorpion is severely wounded.
The scorpion stings you!
You die...

### ###########
#.########### #.(.......#
#.@..)......#
#.#######.###s#########.#
#.# #...#.# #.# ###.#
###.#.# #.# ..#.# #.#.#
#.# ..#.#########.#.##
#.# ...............<>#
#.# #.#.####..###.#..#
#.# #.#.# #..###.#####
#.#


You could see a scorpion.

Vanquished Creatures
  The ghost of p0werm0de the Stinger, an amateur OpVM of Makhleb (D:3)
  A hound (D:3)
  A centaur skeleton (D:3)
  7 gnolls
  7 adders
  3 oozes
  A worm (D:2)
  A dart slug (D:2)
  A giant gecko (D:3)
  9 bats
  A giant cockroach (D:3)
  8 goblins
  9 hobgoblins
  3 jackals (D:3)
  7 kobolds
  A quokka (D:3)
  4 giant newts
  4 rats
69 creatures vanquished.

Notes
Turn   | Place    | Note
-------+----------+-------------------------------------------
     0 | D:1      | mistymad the Merfolk Monk began the quest for the Orb.
     0 | D:1      | Reached XP level 1. HP: 18/18 MP: 1/1
   318 | D:1      | Reached XP level 2. HP: 13/24 MP: 2/2
   699 | D:1      | Reached XP level 3. HP: 30/30 MP: 3/3
   962 | D:2      | Found a shattered altar of Ashenzari.
  1029 | D:2      | Reached skill level 1 in Armour
  1029 | D:2      | Reached XP level 4. HP: 20/37 MP: 4/4
  1181 | D:2      | Reached skill level 1 in Shields
  1192 | D:2      | Reached skill level 5 in Polearms
  1403 | D:2      | Reached skill level 5 in Dodging
  1443 | D:2      | Reached XP level 5. HP: 21/42 MP: 5/5
  2138 | D:3      | Noticed p0werm0de's ghost (amateur OpVM)
  2156 | D:3      | Killed p0werm0de's ghost
  2156 | D:3      | Reached XP level 6. HP: 13/49 MP: 6/6
  2160 | D:3      | Gained mutation: You are somewhat resistant to further mutation. [potion of mutation]
  3091 | D:3      | Lost mutation: You are somewhat resistant to further mutation. [potion of cure mutation]
  3093 | D:3      | HP: 2/49 [scorpion (2)]
  3094 | D:3      | Mangled by a scorpion

Vault maps used:
D:1:      dpeg_arrival_renting
D:2:      nicolae_ashenzari_panopticon
D:3:      first_bread
D:4:      uniq_pikel

Skill      XL: |  1  2  3  4  5  6 |
---------------+-------------------+-----
Armour         | 1 2 |  2.1
Shields        | 1 2 |  2.5
Polearms       | 5 |  5.7
Fighting       | 4 |  4.6
Dodging        | 5 |  5.8
Stealth        | |  2.1

Action                   |  1- 3 |  4- 6 || total
-------------------------+-------+-------++-------
Melee: Spear             |   152 |   289 ||   441
  Use: Scroll            |       |     9 ||     9
       Potion            |       |     4 ||     4
 Stab: Sleeping          |       |     3 ||     3
  Eat: Chunk             |       |     7 ||     7
Armor: Ring mail         |    42 |    61 ||   103
Dodge: Dodged            |    66 |   110 ||   176
Block: Shield            |    19 |    86 ||   105
